 Dungeon Crawl Stone Soup version 0.16.0-18-g484a79e (webtiles) character file.

69 maniek23 the Bolt Thrower (level 4, -4/36 HPs)
             Began as a Centaur Hunter on Mar 22, 2015.
             Slain by Crazy Yiuf
             ... wielding a +4 quarterstaff of chaos
              (5 damage)
             ... on level 2 of the Dungeon.
             The game lasted 00:04:56 (1160 turns).

maniek23 the Bolt Thrower (Centaur Hunter)          Turns: 1160, Time: 00:04:56

Health: -4/36      AC:  4    Str: 14    XL:     4   Next: 2%
Magic:  3/3        EV:  9    Int: 10    God:
Gold:   60         SH:  0    Dex: 11    Spells: 0 memorised, 3 levels left

rFire  . . .     SeeInvis .     a - +0 short sword
rCold  . . .     Clarity  .     d - +0 leather armour
rNeg   . . .     SustAb   .     (no shield)
rPois  .         Gourm    .     (no helmet)
rElec  .         Spirit   .     (no cloak)
rCorr  .         Warding  .     (no gloves)
rMut   .         Stasis   .     (no barding)
MR     .....                    (no amulet)
Stlth  +.........               (no ring)
                                (no ring)

@: lethally poisoned (-4 -> -17), very quick, not resistant to hostile
enchantments, very unstealthy
A: hooves 3, deformed body, speed 2, tough skin 3
a: no special abilities


You were on level 2 of the Dungeon.
You were not hungry.

You visited 1 branch of the dungeon, and saw 2 of its levels.

You collected 60 gold pieces.

Inventory:

Hand weapons
 a - a +0 short sword (weapon)
 b - a +1 hand crossbow
Missiles
 c - 3 bolts
 h - 7 tomahawks (quivered)
Armour
 d - a +0 leather armour (worn)
Jewellery
 i - a cursed ring of invisibility {unknown}
Scrolls
 g - a scroll of identify {unknown}
 l - a scroll of magic mapping {unknown}
 m - a scroll of enchant weapon {unknown}
Potions
 e - a potion of brilliance {unknown}
 j - 2 potions of heal wounds {unknown}
 k - a potion of flight {unknown}
 n - 2 potions of degeneration {unknown}
Comestibles
 f - a bread ration


   Skills:
 + Level 2.0 Fighting
 + Level 0.1 Short Blades
 + Level 5.5 Crossbows
 + Level 1.1 Throwing
 + Level 0.9 Armour
 + Level 1.6 Dodging
 + Level 0.5 Stealth


You had 3 spell levels left.
You didn't know any spells.

Dungeon Overview and Level Annotations

Branches:
Dungeon (2/15)

Altars:

Annotations:
D:2 Crazy Yiuf, Sigmund


Innate Abilities, Weirdness & Mutations

You have hooves in place of feet.
Armour fits poorly on your strangely shaped body.
You cover ground very quickly.
You have extremely tough skin (AC +3).


Message History

* * * LOW HITPOINT WARNING * * *
You are too injured to fight recklessly!
Wield which item (- for none, * to show all)? (? for menu, Esc to quit)
a - a +0 short sword (weapon)
Crazy Yiuf barely misses you.
You barely miss Crazy Yiuf.
Crazy Yiuf is severely wounded.
Crazy Yiuf drinks a potion.
Crazy Yiuf seems to speed up.
You closely miss Crazy Yiuf.
Crazy Yiuf is severely wounded.
Crazy Yiuf grits, "Seed!
Whiteboard sallow snockshim."
Crazy Yiuf hits you with a quarterstaff of chaos!
* * * LOW HITPOINT WARNING * * *
You are lethally poisoned!
You hit Crazy Yiuf but do no damage.
Crazy Yiuf is severely wounded.
* * * LOW HITPOINT WARNING * * *
You feel sick.
Crazy Yiuf hits you with a quarterstaff of chaos.
You die...

###♣♣♣♣♣ ###
##...)♣.♣♣♣ ### ..#
##......♣..♣#)).#
..####).....♣♣♣♣@g.(.#
..'........♣♣ ♣♣#..)#
..########♣♣ ### ###
#################
................#
.....()...<..##.#
###..#.###...##.#


You could see Crazy Yiuf.

Vanquished Creatures
  Ijyb (D:2)
  2 adders (D:2)
  A giant gecko (D:1)
  An ooze (D:1)
  A ball python (D:1)
  2 giant cockroaches (D:2)
  4 hobgoblins
  4 bats (D:1)
  4 giant newts
  4 goblins
  2 kobolds (D:2)
  10 rats
36 creatures vanquished.

Notes
Turn   | Place    | Note
--------------------------------------------------------------
     0 | D:1      | maniek23, the Centaur Hunter, began the quest for the Orb.
     0 | D:1      | Reached XP level 1. HP: 17/17 MP: 1/1
   166 | D:1      | Reached skill level 1 in Throwing
   170 | D:1      | Reached XP level 2. HP: 16/24 MP: 2/2
   544 | D:1      | Reached skill level 5 in Crossbows
   866 | D:2      | Reached XP level 3. HP: 29/29 MP: 3/3
   884 | D:2      | Noticed Sigmund
  1045 | D:2      | Noticed Ijyb
  1069 | D:2      | Killed Ijyb
  1069 | D:2      | Reached XP level 4. HP: 16/36 MP: 3/3
  1153 | D:2      | Noticed Crazy Yiuf
  1160 | D:2      | HP: 1/36 [poisoned by Crazy Yiuf]
  1160 | D:2      | Slain by Crazy Yiuf

Action                   |  1- 3 |  4- 6 || total
-------------------------+-------+-------++-------
Melee: Short sword       |    16 |     3 ||    19
 Fire: Hand crossbow     |    86 |     4 ||    90
Throw: Tomahawk          |    13 |       ||    13
